 Dungeon Crawl Stone Soup version 0.18-a0-1718-g40ea4b6 (webtiles) character file.

30086 namelastname112 the Fighter (level 13, -4/82 HPs)
             Began as a Gargoyle Monk on Apr 8, 2016.
             Was the Champion of Okawaru.
             Killed from afar by a lich (17 damage)
             ... with a bolt of negative energy
             ... on level 3 of the Abyss.
             The game lasted 00:24:55 (14876 turns).

namelastname112 the Fighter (Gargoyle Monk)        Turns: 14876, Time: 00:24:55

Health: -4/82      AC: 32    Str: 21    XL:     13   Next: 49%
Magic:  19/19      EV: 14    Int:  9    God:    Okawaru [******]
Gold:   543        SH: 13    Dex: 18    Spells: 0 memorised, 12 levels left

rFire  . . .     SeeInvis .     r - +5 broad axe (vamp)
rCold  . . .     Gourm    .     N - +0 plate armour
rNeg   + . .     Faith    +     M - +1 shield {AC+3}
rPois  ∞         Spirit   .     (helmet restricted)
rElec  +         Dismiss  .     i - +1 cloak
rCorr  .         Reflect  .     (no gloves)
SustAt .         Harm     .     B - +1 pair of boots {Stlth+}
MR     .....                    Q - amulet of faith
Stlth  ..........               P - +3 ring of dexterity
                                h - +4 ring of evasion

@: very slightly contaminated, hasted, drained, very quick, not resistant to
hostile enchantments, extremely unstealthy
A: horns 1, icy blue scales 1, agile 1, negative energy resistance 1,
electricity resistance, unbreathing, petrification resistance, rot immunity,
sturdy frame 1, AC +9
a: Heroism, Finesse, Renounce Religion


You were on level 3 of the Abyss.
You worshipped Okawaru.
Okawaru was exalted by your worship.
You were not hungry.

You visited 1 branch of the dungeon, and saw 15 of its levels.
You visited the Abyss 1 time.
You also visited: Sewer.

You collected 798 gold pieces.

Inventory:

Hand Weapons
 r - a +5 vampiric broad axe (weapon)
 x - a +2 executioner's axe of electrocution
Armour
 i - a +1 cloak (worn)
 B - a +1 pair of boots of stealth (worn)
 M - a +1 shield of protection (worn)
 N - a +0 plate armour (worn)
Jewellery
 f - an uncursed ring of ice
 h - a +4 ring of evasion (left hand)
 l - the ring "Gaikin" {rPois SInv, unknown}
   (You found it on level 3 of the Abyss)

   [ring of see invisible]

   It protects you from poison.
   It lets you see invisible.
 s - an uncursed ring of fire
 v - an uncursed ring of flight
 P - a +3 ring of dexterity (right hand)
 Q - an amulet of faith (around neck)
Wands
 q - a wand of hasting (0/9)
 u - a wand of random effects (16/48)
 y - a wand of slowing (21/48)
 C - a wand of flame (26/48)
 D - a wand of iceblast (12/15)
 H - a wand of paralysis (9/24)
 I - a wand of digging (13/24)
 J - a wand of random effects (27/48)
 L - a wand of flame (16/48)
 O - a wand of lightning (5/15)
 S - a wand of acid (5/15)
Scrolls
 g - 5 scrolls of remove curse
 n - a scroll of enchant armour
 w - 3 scrolls of amnesia
 z - 2 scrolls of fear
 R - a scroll of identify
Potions
 d - 3 potions of invisibility
 e - 3 potions of agility
 j - 5 potions of flight
 k - 2 potions of brilliance
 m - a potion of haste
 o - 3 potions of curing
 E - 2 potions of magic
Books
 c - a book of Death

   Spells                             Type                      Level
   a - Corpse Rot                     Necromancy                   2
   b - Sublimation of Blood           Necromancy                   2
   c - Agony                          Necromancy                   5
   d - Dispel Undead                  Necromancy                   5
   e - Excruciating Wounds            Charms/Necromancy            5
   f - Bolt of Draining               Conjuration/Necromancy       5
 F - a book of the Sky

   Spells                             Type                      Level
   a - Summon Lightning Spire         Summoning/Air                4
   b - Airstrike                      Air                          4
   c - Silence                        Hexes/Air                    5
   d - Deflect Missiles               Charms/Air                   6
   e - Conjure Ball Lightning         Conjuration/Air              6
   f - Tornado                        Air                          9
 G - a book of Minor Magic

   Spells                             Type                      Level
   a - Magic Dart                     Conjuration                  1
   b - Blink                          Translocation                2
   c - Call Imp                       Summoning                    2
   d - Repel Missiles                 Charms/Air                   2
   e - Slow                           Hexes                        2
   f - Conjure Flame                  Conjuration/Fire             3
   g - Mephitic Cloud                 Conjuration/Poison/Air       3
 K - a book of Unlife

   Spells                             Type                      Level
   a - Recall                         Summoning/Translocation      3
   b - Animate Dead                   Necromancy                   4
   c - Control Undead                 Necromancy                   4
   d - Cigotuvi's Embrace             Necromancy                   5
   e - Death Channel                  Necromancy                   6
   f - Simulacrum                     Ice/Necromancy               6
Comestibles
 a - 12 fruits
 b - 13 bread rations
 t - 2 beef jerkies


   Skills:
 + Level 10.1(9.7) Fighting
 * Level 8.2(7.9) Axes
 + Level 9.4(9.1) Armour
 + Level 7.8(7.4) Dodging
 - Level 2.1(1.8) Stealth
 + Level 9.3(8.9) Shields
 - Level 9.5(9.1) Unarmed Combat
 + Level 9.1(8.7) Invocations


You had 12 spell levels left.
You didn't know any spells.

Dungeon Overview and Level Annotations

Branches:
Dungeon (15/15)            Temple (0/1) D:4            Lair (0/8) D:11
    Orc (0/2) D:12         Vaults (0/5) D:13         Depths (0/5) D:15

Altars:
Ashenzari
Dithmenos
Elyvilon
Gozag
Nemelex Xobeh
Okawaru
Pakellas
Ru
Xom

Shops:
D:13 [

Annotations:
D:15 Louise


Innate Abilities, Weirdness & Mutations

You are resistant to torment.
Your stone body is resilient (AC +9).
You are immune to poison.
You resist negative energy.
You are resistant to electric shocks.
You can survive without breathing.
You are immune to petrification.
You are immune to rotting.
You have a pair of small horns on your head.
You are partially covered in icy blue scales (AC +1).
You are agile. (Dex +2)
Your movements are slightly less encumbered by armour (ER -2).


Message History

The thrashing horror tramples you but does no damage.
You block the thrashing horror's attack. x2
Evoke which item? (* to show all) (? for menu, Esc to quit)
Zapping:
I - a wand of digging {recharged} (will waste charges)
Press: ? - help, Shift-Dir - straight line The rock shatters into small pieces.
Evoking this partially-identified wand wasted a few charges.
The thrashing horror tramples you!
* * * LOW HITPOINT WARNING * * *
You hold your ground!
You block the thrashing horror's attack.
You block the thrashing horror's attack.
The thrashing horror misses you.
The thrashing horror tramples you but does no damage.
You block the thrashing horror's attack.
The thrashing horror roars!
The lich points at you and mumbles some strange words.
The bolt of negative energy misses the thrashing horror.
The bolt of negative energy hits you! You partially resist.
You feel drained.
You die...

##X2 ###.. .
..... .##....##
######## #
###..#.#....L..#
##. .#X.####L#
#.##.# ..#..#
###.#.# ##.X# #
..# #...# #3
....#..##@# . .
.. ....##.#..# #
. t..#..#.#
###### .###.
#...# ### #.#.
##.. .# .# .


You could see a lich and a thrashing horror.

Vanquished Creatures
  An ettin (D:15)
  Josephine (D:11)
  Erolcha (D:11)
  A centaur warrior (D:15)
  An ogre mage (D:15)
  3 thrashing horrors (Abyss:3)
  3 slime creatures (D:12)
  A death drake (Abyss:3)
  2 hill giants
  The ghost of barb4r1an the Digger, a novice FoEE (D:4)
  An orc sorcerer (D:15)
  An ugly thing (D:11)
  2 centaur skeletons
  An apocalypse crab (Abyss:3)
  A hellion (Abyss:3)
  A hellwing (Abyss:3)
  A wolf spider simulacrum (D:15)
  2 trolls (D:11)
  Grinder (D:3)
  A blink frog (Abyss:3)
  7 raiju (Abyss:3)
  A wyvern (D:12)
  A ynoxinul (Abyss:3)
  7 wraiths
  6 yaks
  A small abomination (Abyss:3)
  2 hippogriffs
  Menkaure (D:7)
  A hungry ghost (D:11)
  A soldier ant (D:8)
  A water moccasin (D:9)
  A black bear (D:12)
  2 phantoms
  4 sky beasts
  7 orc warriors
  6 ice beasts
  An eye of draining (D:9)
  A necrophage (D:10)
  A wasp (D:9)
  6 ogres
  8 centaurs
  4 big kobolds
  9 giant frogs
  A wyvern zombie (D:13)
  3 scorpions
  12 killer bees
  10 wights
  2 howler monkeys
  2 giant frog zombies
  5 crimson imps
  3 quasits
  Crazy Yiuf (D:3)
  A giant frog skeleton (D:5)
  7 hounds
  5 orc priests
  15 orc wizards
  4 iguanas
  10 worker ants
  A killer bee zombie (D:5)
  A hound zombie (D:6)
  A hound skeleton (D:5)
  Robin (D:3)
  13 adders
  A river rat (Sewer)
  3 shadow imps
  A white imp (Abyss:3)
  An ooze (D:5)
  3 adder skeletons
  An adder zombie (D:6)
  4 worms
  5 giant geckos
  33 orcs
  A ball python (D:2)
  5 giant cockroaches
  7 hobgoblins
  10 jackals
  17 kobolds
  7 quokkas
  4 bats
  4 giant newts
  18 goblins
  6 rats
  A fungus (D:3)
336 creatures vanquished.

Vanquished Creatures (collateral kills)
  A centaur warrior (D:13)
  2 dancing weapons (D:13)
  An unseen horror (D:14)
  3 hill giants
  An orc knight (D:14)
  3 cyclopes
  A deep elf mage (D:12)
  4 ugly things
  2 gargoyles (D:14)
  A centaur skeleton (D:14)
  An efreet (D:13)
  A komodo dragon (D:11)
  A kobold demonologist (D:11)
  2 trolls (D:14)
  A merfolk (D:11)
  A harpy skeleton (D:14)
  5 slime creatures (D:12)
  A shadow (D:15)
  A spriggan (D:13)
  7 yaks
  A hungry ghost (D:13)
  2 wraiths
  4 vampire mosquitoes (D:14)
  A water moccasin (D:13)
  2 orc warriors
  A sky beast (D:14)
  2 ogres (D:14)
  10 centaurs
  4 giant frogs
  A water moccasin skeleton (D:11)
  2 jellies
  4 wights (D:11)
  2 crimson imps (D:11)
  A giant frog zombie (D:13)
  4 orc priests (D:11)
  A giant frog skeleton (D:13)
  6 orc wizards
  A worker ant (D:14)
  A shadow imp (D:14)
  10 orcs
  A quokka (D:12)
  A kobold (D:11)
  A plant (D:11)
103 creatures vanquished.

Vanquished Creatures (others)
  An orb spider (Abyss:3)
  A lightning spire (D:3)
  An ufetubus (Abyss:3)
  A plant (D:11)
  3 starspawn tentacles (Abyss:3)
  50 starspawn tentacle segments (Abyss:3)
57 creatures vanquished.

Grand Total: 496 creatures vanquished

Notes
Turn   | Place    | Note
--------------------------------------------------------------
     0 | D:1      | namelastname112 the Gargoyle Monk began the quest for the Orb.
     0 | D:1      | Reached XP level 1. HP: 14/14 MP: 1/1
   486 | D:2      | Reached XP level 2. HP: 19/19 MP: 2/2
   530 | D:2      | Reached skill level 1 in Armour
   992 | D:2      | Reached skill level 1 in Shields
   992 | D:2      | Reached XP level 3. HP: 14/23 MP: 3/3
  1057 | D:2      | Found an opulent altar of Gozag.
  1409 | D:2      | Found a faded altar to an unknown god.
  1426 | D:2      | Became a worshipper of Warmaster Okawaru
  1426 | D:2      | Reached * piety under Okawaru
  1426 | D:2      | Reached ** piety under Okawaru
  1531 | D:3      | Reached XP level 4. HP: 28/28 MP: 4/4
  1594 | D:3      | Noticed Robin
  1668 | D:3      | Killed Robin
  2117 | D:3      | Reached *** piety under Okawaru
  2117 | D:3      | Reached XP level 5. HP: 12/33 MP: 5/5
  2508 | D:3      | Found an iron altar of Okawaru.
  2521 | D:3      | Noticed Grinder
  2571 | D:3      | Killed Grinder
  2571 | D:3      | Reached skill level 4 in Fighting
  2571 | D:3      | Reached skill level 5 in Unarmed Combat
  2571 | D:3      | Reached skill level 1 in Invocations
  2571 | D:3      | Reached XP level 6. HP: 28/39 MP: 5/7
  2966 | D:3      | Found an oddly glowing altar of Pakellas.
  2967 | D:3      | Noticed a deep elf annihilator
  3006 | D:3      | Noticed Crazy Yiuf
  3016 | D:3      | Killed Crazy Yiuf
  3016 | D:3      | Reached **** piety under Okawaru
  3140 | D:4      | Noticed barb4r1an's ghost (novice FoEE)
  3184 | D:4      | Killed barb4r1an's ghost
  3184 | D:4      | Reached skill level 5 in Fighting
  3184 | D:4      | Reached XP level 7. HP: 41/44 MP: 7/9
  3217 | D:4      | Found a staircase to the Ecumenical Temple.
  3300 | D:4      | Reached XP level 8. HP: 35/49 MP: 10/10
  3439 | D:5      | Entered Level 5 of the Dungeon
  4450 | D:5      | Reached ***** piety under Okawaru
  4908 | D:6      | Found a glowing drain.
  4939 | Sewer    | Entered a sewer
  5048 | Sewer    | Found a white marble altar of Elyvilon.
  5116 | D:6      | Found a sparkling altar of Nemelex Xobeh.
  5128 | D:6      | Gained mutation: You have sharp fingernails. [helix card]
  5129 | D:6      | Lost mutation: You have sharp fingernails. [helix card]
  5129 | D:6      | Gained mutation: You have sharp toenails. [helix card]
  5400 | D:6      | Received a gift from Okawaru
  5400 | D:6      | Reached XP level 9. HP: 39/55 MP: 10/12
  5761 | D:7      | Reached skill level 6 in Fighting
  6033 | D:7      | Reached skill level 5 in Armour
  6033 | D:7      | Reached skill level 5 in Shields
  6240 | D:7      | Found a sacrificial altar of Ru.
  6317 | D:7      | Got a twitching platinum ring
  6329 | D:7      | Identified the ring of the Present {*Tele Stlth+} (You found it on level 7 of the Dungeon)
  6360 | D:7      | Noticed Menkaure
  6376 | D:7      | Killed Menkaure
  6696 | D:7      | Found a white marble altar of Elyvilon.
  6773 | D:7      | Reached skill level 5 in Invocations
  7673 | D:8      | Received a gift from Okawaru
  7707 | D:8      | Gained mutation: You are partially covered in icy blue scales (AC +1). [mutagenic meat]
  7708 | D:8      | Gained mutation: Your magical capacity is low (-10% MP). [mutagenic meat]
  7826 | D:8      | Reached skill level 5 in Dodging
  7826 | D:8      | Reached XP level 10. HP: 53/61 MP: 12/12
  7950 | D:8      | Found a shimmering altar of Xom.
  7957 | D:8      | Found a shattered altar of Ashenzari.
  8314 | D:8      | Found a shadowy altar of Dithmenos.
  8336 | D:8      | Gained mutation: You have a pair of small horns on your head. [potion of beneficial mutation]
  8558 | D:9      | Reached ****** piety under Okawaru
  9021 | D:9      | Received a gift from Okawaru
  9027 | D:9      | Reached skill level 7 in Fighting
  9380 | D:10     | Entered Level 10 of the Dungeon
  9423 | D:10     | Reached skill level 1 in Axes
 10055 | D:10     | Reached XP level 11. HP: 61/67 MP: 14/14
 10217 | D:11     | Noticed Josephine
 10252 | D:11     | Killed Josephine
 10252 | D:11     | Received a gift from Okawaru
 10396 | D:11     | Lost mutation: Your magical capacity is low (-10% MP). [helix card]
 10397 | D:11     | Hired Neadghow the merfolk for 255 gold.
 10398 | D:11     | Drew Focus: Str increased to 18, Int decreased to 10
 10426 | D:11     | Lost mutation: You have sharp toenails. [helix card]
 10427 | D:11     | Drew Focus: Str increased to 19, Int decreased to 9
 10444 | D:11     | Noticed a red ugly thing
 10453 | D:11     | Killed a red ugly thing
 10469 | D:11     | Gained mutation: You are agile. (Dex +2) [mutagenic meat]
 10470 | D:11     | Gained mutation: Your movements are slightly less encumbered by armour (ER -2). [mutagenic meat]
 10621 | D:11     | Noticed a red ugly thing
 10630 | D:11     | Killed a red ugly thing
 10630 | D:11     | Reached skill level 8 in Fighting
 10914 | D:11     | Received a gift from Okawaru
 10925 | D:11     | Got a warped hat {god gift}
 10931 | D:11     | Identified the +0 hat of Mysticism {-Tele rPois Str+5 Slay+3} (Okawaru gifted it to you on level 11 of the Dungeon)
 10980 | D:11     | Noticed Erolcha
 10984 | D:11     | Killed Erolcha
 11082 | D:11     | Noticed a cyan ugly thing
 11089 | D:11     | Killed a cyan ugly thing
 11180 | D:11     | Found a staircase to the Lair.
 11338 | D:12     | Noticed a cyclops
 11358 | D:12     | Reached skill level 5 in Axes
 11367 | D:12     | Killed a cyclops
 11522 | D:12     | Reached XP level 12. HP: 45/75 MP: 17/17
 11824 | D:12     | Found a staircase to the Orcish Mines.
 11921 | D:12     | Received a gift from Okawaru
 12192 | D:12     | Reached skill level 9 in Fighting
 12312 | D:13     | Found a gate to the Vaults.
 12430 | D:13     | Found Funofrai's Antique Armour Shoppe.
 12656 | D:13     | Noticed a centaur warrior
 12661 | D:13     | Killed a centaur warrior
 13098 | D:14     | Received a gift from Okawaru
 13160 | D:14     | Found an iron altar of Okawaru.
 13600 | D:14     | You fall through a shaft!
 13600 | D:15     | Entered Level 15 of the Dungeon
 13752 | D:15     | Received a gift from Okawaru
 13970 | D:15     | Noticed an ettin
 13970 | D:15     | Noticed an ogre mage
 13971 | D:15     | Noticed a centaur warrior
 13974 | D:15     | Reached XP level 13. HP: 81/81 MP: 19/19
 13979 | D:15     | Killed an ettin
 13995 | D:15     | Found a staircase to the Depths.
 14256 | D:15     | Identified a scroll of acquirement
 14351 | D:15     | Noticed Louise
 14353 | D:15     | Cast into level 3 of the Abyss (Louise)
 14355 | Abyss:3  | Found a corrupted altar of Lugonu.
 14408 | Abyss:3  | Noticed a green death
 14409 | Abyss:3  | Noticed a starcursed mass
 14409 | Abyss:3  | Noticed a tentacled starspawn
 14717 | Abyss:3  | Reached skill level 10 in Fighting
 14785 | Abyss:3  | Noticed a starcursed mass
 14785 | Abyss:3  | Noticed a deep elf demonologist
 14786 | Abyss:3  | Noticed a balrug
 14791 | Abyss:3  | Noticed a jiangshi
 14798 | Abyss:3  | Noticed a tentacled starspawn
 14803 | Abyss:3  | Noticed a blizzard demon
 14825 | Abyss:3  | Noticed a starcursed mass
 14845 | Abyss:3  | Got a fine wooden ring
 14847 | Abyss:3  | Noticed a lich
 14876 | Abyss:3  | Killed from afar by a lich

Vault maps used:
D:1:      saegor_arrival_simple_d
D:2:      lemuel_doored_altar, ecumenical_altar_2
D:3:      lemuel_round_altar, first_bread, gammafunk_pakellas_spire_experiment,
          uniq_crazy_yiuf_cottage, uniq_robin, uniq_grinder
D:4:      minmay_temple_entry_purple_smoke
D:6:      nemelex_deck, portal_sewer_entry_d
D:7:      nicolae_ru_great_annihilating_truth, elyvilon_altar_1, uniq_menkaure
D:8:      kennysheep_mini_moat, amethyst_overflow_temple_binary
D:9:      kennysheep_ambush_hall
D:11:     david_lair_shrubbed, uniq_josephine, uniq_erolcha
D:12:     orc_0_dummy
D:13:     erik_vaults_1, serial_shops, shop, the_bakery
D:14:     okawaru_ov_weapons_minmay
D:15:     hangedman_depths_entry_civil_slaughter, uniq_louise
Abyss:3:  evilmike_abyss_rune_elephants
Sewer:    sewer_kobolds

Skill      XL: |  1  2  3  4  5  6  7  8  9 10 11 12 13 |
---------------+----------------------------------------+-----
Armour         | 1 2 3 4 5 6 7 9 |  9.4
Shields        | 1 2 3 4 5 6 7 8 9 |  9.3
Fighting       | 4 5 6 7 8 9 10 | 10.1
Dodging        | 3 4 5 6 7 |  7.8
Unarmed Combat | 5 6 7 8 9 |  9.5
Invocations    | 1 2 4 5 6 7 8 9 |  9.1
Axes           | 2 5 7 8 |  8.2
Stealth        | |  2.1

Action                   |  1- 3 |  4- 6 |  7- 9 | 10-12 | 13-15 || total
-------------------------+-------+-------+-------+-------+-------++-------
Melee: Unarmed           |   167 |   296 |   754 |   819 |       ||  2036
       Broad axe         |       |       |       |    85 |   139 ||   224
Throw: Throwing net      |       |     2 |       |       |       ||     2
Invok: Heroism           |       |     2 |     1 |     2 |     3 ||     8
       Finesse           |       |       |       |       |     1 ||     1
Evoke: Deck              |       |       |     6 |    11 |       ||    17
       Wand              |       |       |       |       |     3 ||     3
  Use: Scroll            |     1 |       |     1 |    29 |     3 ||    34
       Potion            |       |       |       |     1 |     9 ||    10
 Stab: Sleeping          |     1 |       |       |       |       ||     1
       Held in net/web   |       |     2 |       |       |       ||     2
       Invisible         |       |       |     1 |       |       ||     1
       Paralysed         |       |       |     1 |       |       ||     1
       Distracted        |       |       |       |     7 |     1 ||     8
  Eat: Chunk             |     2 |     6 |     5 |    15 |       ||    28
       Meat ration       |       |       |     3 |       |       ||     3
       Pizza             |       |       |       |     1 |       ||     1
       Beef jerky        |       |       |       |     3 |       ||     3
       Bread ration      |       |       |       |     1 |     1 ||     2
